 Dungeon Crawl Stone Soup version 0.29-a0-284-gf9362112df (webtiles) character file.

Game seed: 15492408852039151435

15003 siradein the Summoner (level 11, -3/81 HPs)
             Began as a Demonspawn Summoner on Mar 31, 2022.
             Was a Priest of Nemelex Xobeh.
             Succumbed to a kobold brigand's curare-tipped dart
             ... on level 10 of the Dungeon.
             The game lasted 00:40:31 (13504 turns).

siradein the Summoner (Demonspawn Summoner)        Turns: 13504, Time: 00:40:32

Health: -3/81      AC: 13    Str:  9    XL:     11   Next: 96%
Magic:  27/28      EV: 15    Int: 21    God:    Nemelex Xobeh [***...]
Gold:   529        SH:  0    Dex: 19    Spells: 7/21 levels left

rFire   . . .      SeeInvis .   e - +4 halberd (freeze)
rCold   . . .      Faith    .   (shield currently unavailable)
rNeg    . . .      Spirit   .   A - +0 troll leather armour
rPois   .          Reflect  .   (helmet restricted)
rElec   .          Harm     .   r - +2 cloak
rCorr   .          Rampage  .   v - +0 pair of gloves {infuse}
Will    .....                   o - +0 pair of boots
Stlth   ++........              (no amulet)
HPRegen 1.03/turn               a - +6 ring of dexterity
MPRegen 0.21/turn               n - ring of magical power

@: lethally poisoned (-3 -> -13), slowed, very slow
A: antennae 2, molten scales 2, ignite blood 2, demonic magic 2
a: Renounce Religion, Draw Escape, Draw Destruction, Draw Summoning, Triple Draw


You were on level 10 of the Dungeon.
You worshipped Nemelex Xobeh.
Nemelex Xobeh was most pleased with you.
You visited 2 branches of the dungeon, and saw 11 of its levels.

You collected 731 gold pieces.
You spent 202 gold pieces at shops.

Inventory:

Hand Weapons
 e - a +4 halberd of freezing (weapon)
 l - a +2 spectral quarterstaff
Armour
 o - a +0 pair of boots (worn)
 r - a +2 cloak (worn)
 v - a +0 pair of gloves of infusion (worn)
 A - a +0 troll leather armour (worn)
Jewellery
 a - a +6 ring of dexterity (left hand)
 g - an amulet of guardian spirit
 n - a ring of magical power (right hand)
Wands
 d - a wand of flame (27)
 m - a wand of polymorph (9)
 q - a wand of iceblast (11)
 s - a wand of acid (20)
 w - a wand of charming (11)
 B - a wand of paralysis (4)
Scrolls
 c - 2 scrolls of blinking
 h - 2 scrolls of immolation
 i - 5 scrolls of teleportation
 k - 2 scrolls of torment {unknown}
 p - 3 scrolls of magic mapping
 u - 2 scrolls of identify
 y - a scroll of fear {unknown}
Potions
 b - a potion of magic
 f - a potion of brilliance
 j - a potion of might
 t - a potion of lignification
 x - a potion of haste {unknown}
 z - a potion of flight


   Skills:
 + Level 5.9 Fighting
 + Level 3.8 Polearms
 + Level 5.4 Armour
 + Level 5.9 Dodging
 - Level 1.7 Stealth
 + Level 5.9 Spellcasting
 + Level 10.5 Summonings
 + Level 4.2 Ice Magic
 + Level 4.2 Air Magic
 + Level 7.9 Invocations
 + Level 5.9 Evocations


You had 7 spell levels left.
You knew the following spells:

 Your Spells              Type           Power      Damage    Failure   Level
a - Call Imp              Summ           50%        N/A       1%          2
b - Call Canine Familiar  Summ           50%        N/A       1%          3
c - Summon Lightning Spi  Summ/Air       37%        N/A       6%          4
d - Summon Ice Beast      Ice/Summ       37%        N/A       6%          4
e - Summon Small Mammal   Summ           100%       N/A       1%          1

Your spell library contained the following spells:

 Spells                   Type           Power      Damage    Failure   Level
 Summon Guardian Golem    Hex/Summ       28%        N/A       4%          3
 Shock                    Conj/Air       60%        1d6       5%          1
 Swiftness                Air            24%        N/A       7%          3
 Static Discharge         Conj/Air       15%        N/A       9%          2
 Slow                     Hex            24%        N/A       13%         1
 Mephitic Cloud           Conj/Pois/Air  12%        N/A       22%         3
 Airstrike                Air            12%        N/A       22%         4
 Confusing Touch          Hex            6%         N/A       36%         3
 Dazzling Flash           Conj/Hex       12%        N/A       36%         3
 Spider Form              Tmut/Pois      6%         N/A       36%         3
 Tukima's Dance           Hex            6%         N/A       36%         3
 Vampiric Draining        Necr           6%         2d6       36%         3
 Passage of Golubria      Tloc           6%         N/A       78%         4
 Lightning Bolt           Conj/Air       7%         1d20      83%         5
 Silence                  Hex/Air        7%         N/A       83%         5
 Agony                    Necr           6%         N/A       98%         5
 Yara's Violent Unravell  Hex/Tmut       3%         3d4       98%         5
 Maxwell's Capacitive Co  Air            12%        ∞         100%        8


Dungeon Overview and Level Annotations

Branches:
Dungeon (10/15)            Temple (1/1) D:5            Lair (0/6) D:8
    Orc: D:9-12

Altars:
Cheibriados
Dithmenos
Elyvilon
Fedhas
Gozag
Kikubaaqudgha
Makhleb
Nemelex Xobeh
Okawaru
Qazlal
Ru
Sif Muna
Trog
Uskayaw
Vehumet
Wu Jian
Yredelemnul
Zin
The Shining One

Shops:
D:1 (   D:3 [   D:6 =

Annotations:
D:4 2 transporters, Galileo's ghost, novice HuFi
D:7 3 runed translucent doors, Dordric's ghost, novice DsBe


Innate Abilities, Weirdness & Mutations

You have a pair of antennae on your head.
You are mostly covered in molten scales. (AC +3)
Your demonic aura often causes spilled blood to erupt in flames.
Spells you cast may paralyse nearby enemies.


Message History

You now have 529 gold pieces (gained 14).
There is a huge open gate, spattered with blood here.
Things that are here:
a +0 long sword; a +0 leather armour; an elf corpse
There is a huge open gate here.
The kobold brigand throws a curare-tipped dart.
The curare-tipped dart hits your wolf.
Your wolf is poisoned.
Your wolf convulses.
Your wolf seems to slow down.
You swap places.
The kobold brigand throws a curare-tipped dart.
The curare-tipped dart hits you.
You are poisoned.
You have difficulty breathing.
You feel yourself slow down.
You feel very sick.
The kobold brigand throws a curare-tipped dart.
The curare-tipped dart hits you.
You are more poisoned.
You have difficulty breathing.
You feel as though you will be slow longer.
You feel extremely sick.
The kobold brigand throws a curare-tipped dart.
The curare-tipped dart hits you.
You are more poisoned.
You have difficulty breathing.
You feel as though you will be slow longer.
* * * LOW HITPOINT WARNING * * *
You feel extremely sick.
Your wolf dies!
Your wolf's corpse disappears in a puff of smoke!
The kobold brigand closely misses you.
You closely miss the kobold brigand.
* * * LOW HITPOINT WARNING * * *
You feel extremely sick.
The kobold brigand hits you but does no damage.
The kobold brigand hits you with a +0 whip.
* * * LOW HITPOINT WARNING * * *
You slash the kobold brigand! You freeze the kobold brigand.
The kobold brigand is severely wounded.
You die...
Your body glows with a rainbow of weird colours and disappears.

..'....+.....#........))###......
..#....#..##.#.....##.)..########
..##...#.....#.......)...#..)..).
#'##...##'####...........#.......
...P.............................
..≈≈≈≈≈≈≈≈≈≈≈≈≈≈≈≈≈≈≈....≈≈≈≈≈≈≈≈
..≈≈≈≈≈≈≈≈≈≈≈≈≈≈≈≈≈≈≈..))≈≈≈≈≈≈≈≈
..≈≈#####≈≈≈≈≈≈≈≈≈≈≈≈..).≈≈≈≈≈≈≈≈
..≈≈#.o.#.......@K.......).......
..≈≈#...#############')''########
.P≈≈###'# {#....# ..≈≈≈. ..
#{.).# ..≈≈≈. {#....# ..≈≈≈.
#....# ..≈≈≈. #K.).# .^≈≈≈.
.'....'○ ..≈≈≈.# ...'....'.


You could see a kobold brigand.

Vanquished Creatures
  3 two-headed ogres
  A deep elf pyromancer (D:10)
  Maurice (D:8)
  Joseph (D:7)
  A gargoyle (D:10)
  Psyche (D:9)
  A kobold demonologist (D:10)
  An unseen horror (D:10)
  A polar bear (D:10)
  3 trolls (D:10)
  A hornet (D:9)
  Prince Ribbit (D:5)
  2 centaur simulacra (D:10)
  A yak (D:8)
  A wyvern (D:10)
  Eustachio (D:6)
  Grum (D:8)
  A steam dragon (D:9)
  8 wargs (D:10)
  A hell hound (D:10)
  A water moccasin (D:6)
  3 orc warriors
  A sky beast (D:5)
  A black bear (D:5)
  An ice beast (D:6)
  3 wolves
  An ogre (D:4)
  3 centaurs
  Blork the orc (D:5)
  2 kobold brigands
  6 bullfrogs
  2 gnoll sergeants (D:10)
  A scorpion (D:4)
  7 wights
  3 killer bees
  8 howler monkeys
  A crimson imp (D:9)
  2 jellies
  4 hounds
  3 gnoll shamans (D:10)
  6 orc priests
  Ijyb (D:5)
  Natasha (thrice) (D:3)
  2 iguanas (D:4)
  9 orc wizards
  3 gnolls (D:4)
  4 adders
  3 white imps
  2 howler monkey simulacra (D:10)
  2 worms
  A dart slug (D:2)
  17 orcs
  3 ball pythons
  2 bats (D:3)
  4 endoplasms
  2 giant cockroaches
  8 goblins
  5 hobgoblins
  5 jackals
  2 kobolds (D:4)
  3 quokkas
  8 rats
181 creatures vanquished.

Vanquished Creatures (collateral kills)
  A two-headed ogre (D:9)
  A wizard (D:9)
  A troll (D:10)
  A hornet (D:8)
  A steam dragon (D:8)
  3 wargs (D:10)
  A hell hound (D:10)
  A water moccasin (D:7)
  An orc warrior (D:8)
  A black bear (D:8)
  4 ice beasts
  An ogre (D:6)
  A kobold brigand (D:10)
  4 bullfrogs
  7 wights
  4 killer bees
  An orc priest (D:10)
  A jelly (D:7)
  5 orc wizards
  An iguana (D:6)
  A centaur simulacrum (D:10)
  Robin (D:2)
  A gnoll (D:4)
  An adder (D:6)
  3 dart slugs
  5 orcs
  3 bats
  An endoplasm (D:3)
  8 goblins
  3 hobgoblins
  6 jackals
  A quokka (D:4)
  A ball python (D:4)
  4 kobolds
80 creatures vanquished.

Vanquished Creatures (others)
  A warg (D:10)
  12 fungi (D:8)
  9 plants
22 creatures vanquished.

Grand Total: 283 creatures vanquished

Notes
Turn   | Place    | Note
-------+----------+-------------------------------------------
     0 | D:1      | siradein the Demonspawn Summoner began the quest for the
                  | Orb.
     0 | D:1      | Reached XP level 1. HP: 13/13 MP: 3/3
   381 | D:1      | Gained mutation: Spells you cast may paralyse adjacent
                  | enemies. [demonic ancestry]
   381 | D:1      | Reached XP level 2. HP: 13/19 MP: 3/5
   384 | D:1      | Learned a level 2 spell: Call Imp
   826 | D:1      | Found Tuoros's Weapon Emporium.
  1547 | D:2      | Reached skill level 5 in Summonings
  1547 | D:2      | Reached XP level 3. HP: 23/24 MP: 4/6
  1551 | D:2      | Learned a level 3 spell: Call Canine Familiar
  1566 | D:2      | Noticed Robin
  1586 | D:2      | Killed Robin
  2073 | D:2      | Identified the +0 ring mail of Habut {MP+9}
  2098 | D:2      | Found a faded altar of an unknown god.
  2296 | D:2      | Gained mutation: You are partially covered in molten
                  | scales. (AC +2) [demonic ancestry]
  2296 | D:2      | Reached XP level 4. HP: 26/30 MP: 7/7
  2730 | D:3      | Reached skill level 6 in Summonings
  3118 | D:3      | Found Awathron's Antique Armour Boutique.
  3128 | D:3      | Noticed Natasha
  3132 | D:3      | Killed Natasha
  3133 | D:3      | Gained mutation: You have a pair of small antennae on your
                  | head. [demonic ancestry]
  3133 | D:3      | Reached XP level 5. HP: 35/35 MP: 8/8
  3256 | D:3      | Noticed Natasha
  3263 | D:3      | Killed Natasha
  3491 | D:3      | Found Awathron's Antique Armour Boutique.
  3514 | D:3      | Noticed Natasha
  3528 | D:3      | Killed Natasha
  3954 | D:4      | Found a transporter.
  3956 | D:4      | Noticed Galileo's ghost (novice HuFi)
  3989 | D:4      | Found a transporter.
  3992 | D:4      | Found a sacrificial altar of Ru.
  4020 | D:4      | Found a radiant altar of Vehumet.
  4027 | D:4      | Reached skill level 7 in Summonings
  4145 | D:4      | Gained mutation: Your demonic aura sometimes causes spilled
                  | blood to erupt in flames. [demonic ancestry]
  4145 | D:4      | Reached XP level 6. HP: 36/41 MP: 9/9
  4181 | D:4      | Reached skill level 8 in Summonings
  4917 | D:4      | Found a stormy altar of Qazlal.
  5252 | D:4      | Found an ornate altar of the Wu Jian Council.
  5326 | D:5      | Entered Level 5 of the Dungeon
  5326 | D:5      | Found a staircase to the Ecumenical Temple.
  5334 | Temple   | Entered the Ecumenical Temple
  5486 | Temple   | Became a worshipper of Nemelex Xobeh the Trickster
  5561 | D:5      | Noticed Prince Ribbit
  5570 | D:5      | Killed Prince Ribbit
  5571 | D:5      | Reached skill level 1 in Invocations
  5571 | D:5      | Gained mutation: Your demonic aura often causes spilled
                  | blood to erupt in flames. [demonic ancestry]
  5571 | D:5      | Reached XP level 7. HP: 24/47 MP: 10/10
  5759 | D:5      | Reached skill level 1 in Fighting
  5759 | D:5      | Reached skill level 1 in Armour
  5759 | D:5      | Reached skill level 1 in Evocations
  5779 | D:5      | Got the Handbook of Creative Venom
  6001 | D:5      | Noticed Ijyb
  6012 | D:5      | Killed Ijyb
  6243 | D:5      | Noticed Blork the orc
  6250 | D:5      | Killed Blork the orc
  6414 | D:5      | Gained mutation: Spells you cast may paralyse nearby
                  | enemies. [demonic ancestry]
  6414 | D:5      | Reached XP level 8. HP: 55/55 MP: 12/12
  6677 | D:5      | Found a blossoming altar of Fedhas.
  6725 | D:6      | Noticed Eustachio
  6730 | D:6      | Killed Eustachio
  6835 | D:6      | Reached * piety under Nemelex Xobeh
  6979 | D:6      | Found a snail-covered altar of Cheibriados.
  7530 | D:6      | Reached skill level 9 in Summonings
  7738 | D:6      | Found Hanuem's Jewellery Emporium.
  7741 | D:6      | Received a gift from Nemelex Xobeh
  7824 | D:3      | Bought a pair of embroidered gloves for 202 gold pieces
  8500 | D:7      | Gained mutation: You have a pair of antennae on your head.
                  | [demonic ancestry]
  8500 | D:7      | Reached XP level 9. HP: 63/63 MP: 14/14
  8628 | D:7      | Noticed Joseph
  8641 | D:7      | Killed Joseph
  8651 | D:7      | Learned a level 4 spell: Summon Lightning Spire
  8656 | D:7      | Learned a level 4 spell: Summon Ice Beast
  8843 | D:7      | Reached skill level 5 in Invocations
  8864 | D:7      | Reached skill level 1 in Ice Magic
  8864 | D:7      | Reached skill level 1 in Air Magic
  9108 | D:7      | Found a runed translucent gate.
  9108 | D:7      | Found a runed translucent gate.
  9108 | D:7      | Found a runed translucent gate.
  9109 | D:7      | Noticed Dordric's ghost (novice DsBe)
  9914 | D:8      | Paralysed by a hornet for 1 turns
  9916 | D:8      | HP: 2/65 [poisoned by a hornet]
  9917 | D:8      | Gained mutation: You are mostly covered in molten scales.
                  | (AC +3) [demonic ancestry]
  9917 | D:8      | Reached XP level 10. HP: 2/72 MP: 16/16
 10232 | D:8      | Reached skill level 1 in Polearms
 10248 | D:8      | Noticed Maurice
 10267 | D:8      | Killed Maurice
 10317 | D:8      | Received a gift from Nemelex Xobeh
 10324 | D:8      | Noticed Grum
 10324 | D:8      | Noticed a two-headed ogre
 10325 | D:8      | Reached ** piety under Nemelex Xobeh
 10349 | D:8      | Killed a two-headed ogre
 10358 | D:8      | Killed Grum
 10803 | D:8      | Received a gift from Nemelex Xobeh
 10869 | D:8      | Found a staircase to the Lair.
 10876 | D:8      | Reached skill level 5 in Spellcasting
 11023 | D:9      | Noticed Psyche
 11031 | D:9      | Killed Psyche
 11450 | D:9      | Reached skill level 10 in Summonings
 11473 | D:9      | Reached skill level 5 in Fighting
 11473 | D:9      | Reached skill level 5 in Dodging
 11821 | D:9      | Reached skill level 5 in Evocations
 11903 | D:9      | Noticed a two-headed ogre
 11919 | D:9      | Killed a two-headed ogre
 11920 | D:9      | Reached XP level 11. HP: 69/79 MP: 18/18
 12133 | D:9      | Noticed a wizard
 12153 | D:9      | Killed a wizard
 12241 | D:10     | Entered Level 10 of the Dungeon
 12259 | D:10     | Found an opulent altar of Gozag.
 12342 | D:10     | Received a gift from Nemelex Xobeh
 12404 | D:10     | Found a shadowy altar of Dithmenos.
 12557 | D:10     | Noticed a two-headed ogre
 12574 | D:10     | Killed a two-headed ogre
 12632 | D:10     | Reached skill level 5 in Armour
 12744 | D:10     | Noticed a two-headed ogre
 12751 | D:10     | Killed a two-headed ogre
 13079 | D:10     | Reached *** piety under Nemelex Xobeh
 13460 | D:10     | Noticed a deep elf pyromancer
 13473 | D:10     | Killed a deep elf pyromancer
 13503 | D:10     | HP: 2/81 [kobold brigand/+0 whip (5)]
 13504 | D:10     | Succumbed to a kobold brigand's curare-tipped dart

Illustrated notes

Levels and vault maps discovered:
D:1:      dpeg_arrival_three_same_balls, layout_rooms, serial_shops, shop
D:2:      layout_basic, dilly_ecumenical_altar_fadedgnrine, uniq_robin
D:3:      layout_rooms, elyvilon_altar_5, serial_shops,
          nicolae_shop_behind_doors, uniq_natasha
D:4:      layout_gridville, lemuel_tele_altar, nzn_wu_jian_council_hall,
          mainiacjoe_overflow_paths, lemuel_round_altar, gammafunk_ghost_arena
D:5:      layout_basic, fedhas_altar_4, temple_fountains,
          kennysheep_cluttered_room, roderic_serpentine_path,
          uniq_prince_ribbit1, uniq_ijyb, uniq_blork_the_orc
D:6:      layout_loops_ring, slow_altar_1, serial_shops, shop_fountains,
          uniq_eustachio
D:7:      layout_basic, gammafunk_ghost_necromancy, nicolae_elevator_lobby_plus,
          uniq_joseph
D:8:      layout_rooms, grunt_lair_entry_orc_guard_hut, uniq_maurice, uniq_grum
D:9:      layout_roguey, lightli_wizard_tower, uniq_psyche
D:10:     lemuel_castle_with_subvaults [lemuel_castle_interior_carwin_2],
          layout_stronghold, mainiacjoe_overflow_catwalk,
          mainiacjoe_overflow_24_doors,
          chequers_temple_overflow_statue_of_worship, tgw_xom, serial_ice,
          serial_ice_e, serial_ice_i, serial_ice_f, serial_ice_h, serial_ice_g,
          serial_ice_n, serial_ice_c, dreamdust_princess_corridor,
          minmay_misc_feat_plants
Temple:   compressed_dpeg_circular_temple

Skill      XL: |  1  2  3  4  5  6  7  8  9 10 11 |
---------------+----------------------------------+-----
Summonings     | 5 6 7 8 9 10 | 10.5
Dodging        | 2 3 4 5 |  5.9
Invocations    | 1 2 4 5 6 7 |  7.9
Fighting       | 1 3 4 5 |  5.9
Armour         | 1 2 3 4 5 |  5.4
Evocations     | 1 3 4 5 |  5.9
Spellcasting   | 3 4 5 |  5.9
Ice Magic      | 1 3 4 |  4.2
Air Magic      | 1 3 4 |  4.2
Polearms       | 2 3 |  3.8
Stealth        | |  1.7

Action                   |  1- 3 |  4- 6 |  7- 9 | 10-12 || total
-------------------------+-------+-------+-------+-------++-------
Melee: Dagger            |    74 |    87 |       |       ||   161
       Punch             |     1 |     1 |       |       ||     2
       Quarterstaff      |       |    56 |    73 |       ||   129
       Dire flail        |       |       |     9 |       ||     9
       Halberd           |       |       |    78 |   227 ||   305
Throw: Stone             |     1 |       |       |       ||     1
 Cast: Summon Small Mamm |     7 |       |       |     2 ||     9
       Call Imp          |    11 |    15 |    11 |    17 ||    54
       Call Canine Famil |       |     7 |    27 |    24 ||    58
       Summon Lightning  |       |       |       |     6 ||     6
       Summon Ice Beast  |       |       |       |     4 ||     4
Invok: Draw Destruction  |       |       |       |     3 ||     3
  Use: Scroll            |       |       |    10 |     2 ||    12
       Potion            |       |       |       |     1 ||     1
 Stab: Paralysed         |     8 |    13 |    24 |    32 ||    77
       Sleeping          |       |     2 |     4 |       ||     6
       Distracted        |       |       |     1 |     2 ||     3
Armor: Robe              |     3 |       |       |       ||     3
       Ring mail         |     9 |    95 |    58 |    45 ||   207
       Troll leather arm |       |       |       |    35 ||    35
Dodge: Dodged            |    45 |    91 |    92 |   133 ||   361

Table legend: (Time is in decaauts)
 A = Elapsed time spent in this place.
 B = Non-inter-level travel time spent in this place.
 C = Inter-level travel time spent in this place.
 D = Time resting spent in this place.
 E = Time spent auto-exploring this place.
 F = Levels seen in this place.
 G = Mean time per level.
                   A        B        C        D        E       F      G
               +--------+--------+--------+--------+--------+-----+--------+
         Total |  13699 |  13391 |    308 |    811 |  10110 |  11 | 1245.4 |
       Dungeon |  13516 |  13208 |    308 |    811 |  10024 |  10 | 1351.6 |
        Temple |    183 |    183 |      0 |      0 |     86 |   1 |  183.0 |
               +--------+--------+--------+--------+--------+-----+--------+

Top non-repeatable levels by time:
     D:7: 1829 daAuts
     D:6: 1555 daAuts
     D:3: 1470 daAuts
     D:1: 1467 daAuts
     D:4: 1413 daAuts
    D:10: 1336 daAuts
     D:9: 1271 daAuts
     D:5: 1227 daAuts
     D:2: 1039 daAuts
     D:8: 905 daAuts
  Temple: 183 daAuts
